 Dungeon Crawl Stone Soup version 0.29.1-15-g9cfb28693d (webtiles) character file.

Game seed: 17359236245909938140

88 leafyfresh the Sneak (level 4, 0/33 HPs)
             Began as an Octopode Delver on Mar 4, 2023.
             Slain by an ice beast (2 damage)
             ... on level 5 of the Dungeon.
             The game lasted 00:01:02 (655 turns).

leafyfresh the Sneak (Octopode Delver)               Turns: 655, Time: 00:01:03

Health: 0/33       AC:  1    Str: 11    XL:     4   Next: 53%
Magic:  4/4        EV: 14    Int: 14    God:
Gold:   26         SH:  0    Dex: 13    Spells: 3/3 levels left

rFire   . . .      SeeInvis .   a - +0 short sword
rCold   . . .      Faith    .   (no shield)
rNeg    . . .      Spirit   .   (helmet restricted)
rPois   +          Reflect  .   (no amulet)
rElec   .          Harm     .   g - ring of poison resistance
rCorr   .          Rampage  .   (no ring)
Will    .....                   (no ring)
Stlth   +++++.....              (no ring)
HPRegen 0.11/turn               (no ring)
MPRegen 0.09/turn               (no ring)
                                (no ring)
                                (no ring)

@: no status effects
A: almost no armour, amphibious, 8 rings, camouflage 1, gelatinous body 1,
(nimble swimmer 1), tentacles
a: no special abilities


You were on level 5 of the Dungeon.
You visited 2 branches of the dungeon, and saw 2 of its levels.

You collected 26 gold pieces.

Inventory:

Hand Weapons
 a - a +0 short sword (weapon)
Jewellery
 g - a ring of poison resistance (left tentacle)
 m - an amulet of the acrobat
Wands
 f - a wand of digging (3)
Scrolls
 b - a scroll of fog
 c - 2 scrolls of magic mapping
 d - a scroll of fear
 h - a scroll of amnesia {unknown}
 i - a scroll of silence {unknown}
 j - 2 scrolls of identify {unknown}
 k - a scroll of brand weapon {unknown}
 l - a scroll of blinking {unknown}
 n - a scroll of noise {unknown}
Potions
 e - a potion of haste


   Skills:
 + Level 3.8 Fighting
 - Level 2.0 Short Blades
 + Level 3.1 Dodging
 + Level 7.5 Stealth


You had 3 spell levels left.
You didn't know any spells.
Your spell library was empty.

Dungeon Overview and Level Annotations

Branches:
Dungeon (5/15)             Temple (1/1) D:5

Altars:
Cheibriados
Dithmenos
Elyvilon
Hepliaklqana
Kikubaaqudgha
Makhleb
Okawaru
Qazlal
Ru
Sif Muna
Trog
Uskayaw
Vehumet
Wu Jian
Yredelemnul
Zin
The Shining One


Innate Abilities, Weirdness & Mutations

You cannot wear most types of armour.
You are amphibious.
You can wear up to eight rings at the same time.
Your skin changes colour to match your surroundings (Stealth+).
Your rubbery body absorbs attacks. (AC +1, EV +1)
((You are camouflaged when in or above water. (Stealth+)))
You have tentacles for arms and can constrict up to eight enemies at once.


Message History

Found a stone staircase leading up.
No target in view!
c - 2 scrolls of magic mapping (gained 1)
You open the door.
An ice beast comes into view.
There is an open door here.
An ice beast is nearby!
An ice beast is nearby!
The helpless ice beast fails to defend itself.
You puncture the ice beast!
The ice beast is heavily wounded.
The ice beast hits you. The ice beast freezes you!
An ice beast is nearby!
An ice beast is nearby!
You completely miss the ice beast.
You squeeze the ice beast, but do no damage.
The ice beast is heavily wounded.
The ice beast hits you. The ice beast freezes you!
You are too injured to fight recklessly!
You are too injured to fight recklessly!
Unknown command.
You hit the ice beast but do no damage.
The ice beast is heavily wounded.
The ice beast closely misses you.
You hit the ice beast.
The ice beast is heavily wounded.
The ice beast misses you.
You closely miss the ice beast.
The ice beast is heavily wounded.
The ice beast hits you.
* * * LOW HITPOINT WARNING * * *
The ice beast freezes you!
* * * LOW HITPOINT WARNING * * *
You hit the ice beast but do no damage.
The ice beast is heavily wounded.
The ice beast barely misses you.
You hit the ice beast but do no damage.
The ice beast is heavily wounded.
The ice beast hits you.
You die...

.#
######.############.#.###.##
.# #.## #.#.# #... .# #..###
#.#.###### .# ##...###
#.#....... .# ###...#
####'#######. .# ###.#
#............ .# #.#
#.....####### .#
####'####.....# .#
#...@..######## .# #..Y...#
.# #......# .# #........ .#
#......##. ## ######## .# .


You could see an ice beast.

Vanquished Creatures
  A hound (D:5)
  A jelly (D:5)
  2 adders (D:5)
  A shadow imp (Temple)
  A quokka (D:5)
6 creatures vanquished.

Notes
Turn   | Place    | Note
-------+----------+-------------------------------------------
     0 | D:5      | leafyfresh the Octopode Delver began the quest for the Orb.
     0 | D:5      | Reached XP level 1. HP: 16/16 MP: 1/1
    15 | D:5      | Found a staircase to the Ecumenical Temple.
    24 | Temple   | Entered the Ecumenical Temple
    24 | Temple   | Found a transporter.
    24 | Temple   | Found a transporter.
    28 | Temple   | Reached XP level 2. HP: 14/21 MP: 2/2
    29 | Temple   | Found a transporter.
    29 | Temple   | Found a transporter.
   410 | D:5      | Reached skill level 7 in Stealth
   410 | D:5      | Reached XP level 3. HP: 20/26 MP: 3/3
   554 | D:5      | Reached XP level 4. HP: 33/33 MP: 4/4
   646 | D:5      | Noticed an ice beast
   655 | D:5      | Slain by an ice beast

Illustrated notes

Levels and vault maps discovered:
D:5:      layout_basic, minmay_temple_entry_glass
Temple:   hellmonk_temple_divided_pantheon

Skill      XL: |  1  2  3 |
---------------+----------+-----
Stealth        | 7 |  7.5
Dodging        | 3 |  3.1
Fighting       | |  3.8
Short Blades   | |  2.0

Action                   |  1- 3 |  4- 6 || total
-------------------------+-------+-------++-------
Melee: Short sword       |    15 |    11 ||    26
       Tentacles         |     5 |     2 ||     7
       Constrict         |     4 |     1 ||     5
 Stab: Sleeping          |     1 |     1 ||     2
Armor: Skin              |     2 |       ||     2
Dodge: Dodged            |    11 |     5 ||    16
